 Dungeon Crawl Stone Soup version 0.29-a0-284-gf9362112df (webtiles) character file.

Game seed: 2723734117715843357

14837 horus123 the Destroyer (level 11, -6/67 HPs)
             Began as a Deep Elf Conjurer on Mar 15, 2022.
             Was an Elder of Vehumet.
             Mangled by an eight-headed hydra (7 damage)
             ... on level 1 of the Lair of Beasts on Mar 16, 2022.
             The game lasted 00:29:29 (11151 turns).

horus123 the Destroyer (Deep Elf Conjurer)         Turns: 11151, Time: 00:29:30

Health: -6/67      AC: 10    Str:  4    XL:     11   Next: 94%
Magic:  15/27      EV: 12    Int: 34    God:    Vehumet [****..]
Gold:   850        SH:  0    Dex: 13    Spells: 0/30 levels left

rFire   . . .      SeeInvis .   n - staff of conjuration
rCold   . . .      Faith    .   (no shield)
rNeg    . . .      Spirit   .   F - +0 steam dragon scales
rPois   .          Reflect  .   h - +2 helmet
rElec   .          Harm     .   (no cloak)
rCorr   .          Rampage  .   O - +0 pair of gloves
Will    +....                   g - +0 pair of boots
Stlth   ++........              k - amulet of regeneration
HPRegen 1.01/turn               p - +6 ring of intelligence
MPRegen 0.20/turn               M - ring of wizardry

@: no status effects
A: no striking features
a: Renounce Religion


You were on level 1 of the Lair of Beasts.
You worshipped Vehumet.
Vehumet was greatly pleased with you.
You visited 3 branches of the dungeon, and saw 14 of its levels.

You collected 850 gold pieces.

Inventory:

Hand Weapons
 j - a +0 dagger
Missiles
 w - 2 throwing nets
Armour
 g - a +0 pair of boots (worn)
 h - a +2 helmet (worn)
 F - +0 steam dragon scales (worn)
 O - a +0 pair of gloves (worn)
Magical Staves
 n - a staff of conjuration (weapon)
 H - a staff of air
Jewellery
 e - a ring of willpower
 i - a ring of fire
 k - an amulet of regeneration (around neck)
 m - a ring of magical power
 p - a +6 ring of intelligence (left hand)
 s - a ring of flight
 u - a ring of magical power
 z - a +4 ring of protection
 G - a +6 ring of dexterity
 J - a ring of resist corrosion
 M - a ring of wizardry (right hand)
Wands
 y - a wand of iceblast (15)
 C - a wand of flame (26)
 D - a wand of mindburst (34)
Scrolls
 f - 4 scrolls of noise
 o - 7 scrolls of teleportation
 A - a scroll of torment
 I - 4 scrolls of enchant weapon
 K - 2 scrolls of blinking
 L - a scroll of immolation
 Q - a scroll of fog {unknown}
 R - a scroll of holy word
Potions
 b - a potion of magic
 c - 2 potions of haste
 d - 3 potions of curing
 l - 4 potions of brilliance
 q - a potion of resistance {unknown}
 r - 4 potions of heal wounds
 t - 3 potions of ambrosia
 v - a potion of attraction {unknown}
 x - 2 potions of degeneration {unknown}
 B - 5 potions of mutation
 E - a potion of flight {unknown}
 N - a potion of cancellation {unknown}


   Skills:
 - Level 7.0 Fighting
 - Level 2.4 Dodging
 - Level 2.4 Stealth
 - Level 10.2 Spellcasting
 - Level 11.4 Conjurations
 - Level 10.0 Hexes
 - Level 4.8 Ice Magic
 + Level 10.1 Earth Magic


You couldn't memorise any spells.
You knew the following spells:

 Your Spells              Type           Power      Damage    Failure   Level
a - Magic Dart            Conj           100%       1d8       1%          1
b - Searing Ray           Conj           100%       2d8       1%          2
c - Iskenderun's Mystic   Conj/Tloc      71%        2d14      1%          4
d - Fulminant Prism       Conj/Hex       47%        3d21      1%          4
e - Mephitic Cloud        Conj/Pois/Air  59%        N/A       1%          3
f - Stone Arrow           Conj/Erth      100%       3d13      1%          3
g - Lehudib's Crystal Sp  Conj/Erth      47%        10d11     22%         8
h - Ignite Poison         Fire/Tmut/Pois 17%        N/A       1%          3
i - Poisonous Vapours     Pois/Air       34%        N/A       1%          2

Your spell library contained the following spells:

 Spells                   Type           Power      Damage    Failure   Level
 Animate Skeleton         Necr           34%        N/A       1%          1
 Apportation              Tloc           34%        N/A       1%          1
 Pain                     Necr           68%        1d7       1%          1
 Corpse Rot               Necr/Air       34%        N/A       1%          2
 Dazzling Flash           Conj/Hex       100%       N/A       1%          3
 Frozen Ramparts          Ice            100%       1d12      1%          3
 Animate Armour           Summ/Erth      100%       N/A       1%          4
 Silence                  Hex/Air        25%        N/A       3%          5
 Ice Form                 Ice/Tmut       33%        N/A       4%          4
 Summon Ice Beast         Ice/Summ       33%        N/A       4%          4
 Dispel Undead            Necr           17%        3d10      11%         4
 Passage of Golubria      Tloc           17%        N/A       11%         4
 Agony                    Necr           17%        N/A       28%         5
 Alistair's Intoxication  Tmut/Pois      11%        N/A       28%         5
 Excruciating Wounds      Necr           8%         N/A       28%         5


Dungeon Overview and Level Annotations

Branches:
Dungeon (12/15)            Temple (1/1) D:4            Lair (1/6) D:10
    Orc: D:9-12

Altars:
Elyvilon
Makhleb
Vehumet
Wu Jian

Shops:
D:7 *


Message History

Found 13 stones.
l - 4 potions of brilliance (gained 1) No target in view!
You now have 850 gold pieces (gained 14).
You see here 13 stones.
An eight-headed hydra comes into view.
The eight-headed hydra roars!
You feel a surge of power!
The stone arrow hits the eight-headed hydra!!
The eight-headed hydra is moderately wounded.
You feel a surge of power!
The stone arrow hits the eight-headed hydra!!
The eight-headed hydra is heavily wounded.
You feel a surge of power!
The stone arrow hits the eight-headed hydra!!
The eight-headed hydra is severely wounded.
The eight-headed hydra bites you! The eight-headed hydra bites you.
The eight-headed hydra misses you. The eight-headed hydra bites you.
The eight-headed hydra bites you!
The eight-headed hydra completely misses you.
The eight-headed hydra bites you but does no damage.
The eight-headed hydra bites you.
Aiming: Stone Arrow (safe; 1% risk of failure)
Press: ? - help, Q - select action, (/) - cycle Shift-Dir - straight line, f/p - eight-headed hydra
Aim: an eight-headed hydra (severely wounded, 92% to hit)
You feel a surge of power!
The stone arrow hits the eight-headed hydra!
The eight-headed hydra is almost dead.
The eight-headed hydra barely misses you.
The eight-headed hydra bites you! The eight-headed hydra bites you.
The eight-headed hydra bites you!
* * * LOW HITPOINT WARNING * * *
The eight-headed hydra bites you.
* * * LOW HITPOINT WARNING * * *
The eight-headed hydra bites you.
* * * LOW HITPOINT WARNING * * *
The eight-headed hydra bites you.
* * * LOW HITPOINT WARNING * * *
The eight-headed hydra bites you!
You die...

#. #.... .....
#. #....#.
.... #.
#.....##.#.###
#.
#.............
#.
#.....$.......
#.
#.............
#
#.............
# #.....@D.#
#. #...#.##.#
... #.#....# #
... #......#
... ##.#....+
... #P.#....#
...
##......#.## .
##.#.......# .
#..#....#.P# .


You could see an eight-headed hydra.

Vanquished Creatures
  3 two-headed ogres
  Pikel (D:7)
  A deep elf pyromancer (D:11)
  An ugly thing (D:11)
  A cyclops (D:12)
  2 black mambas (Lair:1)
  Maggie (D:9)
  Psyche (D:8)
  An unseen horror (D:10)
  A rime drake (Lair:1)
  A komodo dragon (Lair:1)
  2 kobold demonologists (D:11)
  4 trolls
  A wraith (D:11)
  2 shadows (D:9)
  A wyvern (D:9)
  5 yaks (D:11)
  A basilisk (D:11)
  Grum (Lair:1)
  6 vampire mosquitoes (D:11)
  4 water moccasins
  2 orc warriors
  2 black bears
  2 ice beasts
  4 sky beasts
  An ogre (D:5)
  13 wolves
  3 centaurs
  4 phantoms
  3 kobold brigands
  5 bullfrogs
  A necrophage (D:6)
  5 scorpions
  7 wights
  12 killer bees
  3 electric eels (D:10)
  A howler monkey (D:6)
  8 hounds
  3 orc priests
  6 iguanas
  7 orc wizards
  7 adders
  5 gnolls
  A shadow imp (D:8)
  A white imp (D:7)
  A worm (D:2)
  A dart slug (D:4)
  23 orcs
  6 ball pythons
  9 endoplasms
  5 giant cockroaches
  8 goblins
  2 hobgoblins
  4 jackals (D:2)
  2 quokkas
  7 bats
  A frilled lizard (D:1)
  9 kobolds
  A rat (D:2)
226 creatures vanquished.

Vanquished Creatures (others)
  A fulminant prism (D:10)
  A plant (Lair:1)
  A withered plant (D:3)
3 creatures vanquished.

Grand Total: 229 creatures vanquished

Notes
Turn   | Place    | Note
-------+----------+-------------------------------------------
     0 | D:1      | horus123 the Deep Elf Conjurer began the quest for the Orb.
     0 | D:1      | Reached XP level 1. HP: 10/10 MP: 6/6
   212 | D:1      | You fall into a shaft and drop 1 floor!
   223 | D:2      | Reached XP level 2. HP: 15/15 MP: 3/9
   326 | D:2      | Reached XP level 3. HP: 19/19 MP: 7/11
   329 | D:2      | Learned a level 2 spell: Searing Ray
   417 | D:2      | Reached skill level 5 in Spellcasting
  1546 | D:1      | Reached XP level 4. HP: 24/24 MP: 13/13
  1579 | D:1      | Learned a level 4 spell: Iskenderun's Mystic Blast
  1584 | D:1      | Learned a level 4 spell: Fulminant Prism
  1588 | D:1      | Learned a level 3 spell: Frozen Ramparts
  2208 | D:3      | Found a faded altar of an unknown god.
  2688 | D:4      | Reached XP level 5. HP: 25/28 MP: 16/16
  3055 | D:4      | Found a staircase to the Ecumenical Temple.
  3172 | Temple   | Entered the Ecumenical Temple
  3247 | Temple   | Became a worshipper of Vehumet
  3545 | D:4      | Reached XP level 6. HP: 25/32 MP: 11/19
  3945 | D:5      | Entered Level 5 of the Dungeon
  3995 | D:5      | Reached skill level 10 in Spellcasting
  3995 | D:5      | Reached XP level 7. HP: 35/36 MP: 22/22
  4033 | D:5      | Learned a level 3 spell: Stone Arrow
  4168 | D:5      | Reached skill level 5 in Conjurations
  4321 | D:5      | Reached skill level 6 in Conjurations
  4726 | D:6      | Reached skill level 7 in Conjurations
  4756 | D:6      | Reached XP level 8. HP: 41/41 MP: 24/24
  4829 | D:6      | Reached skill level 8 in Conjurations
  4921 | D:6      | Reached * piety under Vehumet
  4921 | D:6      | Offered knowledge of Shock by Vehumet.
  4974 | D:6      | Noticed a two-headed ogre
  4977 | D:6      | Reached skill level 1 in Fighting
  4980 | D:6      | Killed a two-headed ogre
  5083 | D:6      | Reached skill level 5 in Fighting
  5160 | D:6      | Reached XP level 9. HP: 7/54 MP: 25/25
  5636 | D:6      | Got the Papyrus of Toxic Necromancy
  5990 | D:7      | Found Dihisexty's General Store.
  6041 | D:7      | Noticed Pikel
  6045 | D:7      | Killed Pikel
  6045 | D:7      | Offered knowledge of Static Discharge by Vehumet.
  6154 | D:7      | Reached ** piety under Vehumet
  6158 | D:7      | Reached skill level 1 in Hexes
  6536 | D:7      | Reached skill level 5 in Hexes
  6984 | D:8      | Found an ornate altar of the Wu Jian Council.
  6987 | D:8      | Reached XP level 10. HP: 63/63 MP: 26/26
  7261 | D:8      | Noticed Psyche
  7266 | D:8      | Killed Psyche
  7444 | D:9      | Offered knowledge of Poisonous Vapours by Vehumet.
  7543 | D:9      | Noticed a two-headed ogre
  7551 | D:9      | Killed a two-headed ogre
  7552 | D:9      | Reached skill level 10 in Hexes
  7557 | D:9      | Reached *** piety under Vehumet
  7705 | D:9      | Reached skill level 9 in Conjurations
  7913 | D:9      | Noticed Maggie
  7918 | D:9      | Killed Maggie
  8235 | D:9      | Reached skill level 10 in Conjurations
  8326 | D:10     | Entered Level 10 of the Dungeon
  8345 | D:10     | Found a staircase to the Lair.
  8464 | D:10     | Reached XP level 11. HP: 60/67 MP: 27/27
  8517 | D:10     | Noticed a two-headed ogre
  8523 | D:10     | Killed a two-headed ogre
  8524 | D:10     | Reached skill level 11 in Conjurations
  8704 | D:10     | Identified the +7 hand axe of the Empty Page {venom, MP+9
                  | Str-4 Stlth+}
  9025 | D:11     | Noticed a deep elf pyromancer
  9030 | D:11     | Killed a deep elf pyromancer
  9089 | D:11     | Noticed a red ugly thing
  9095 | D:11     | Killed a red ugly thing
  9310 | D:11     | Learned a level 8 spell: Lehudib's Crystal Spear
  9337 | D:11     | Offered knowledge of Ignite Poison by Vehumet.
  9339 | D:11     | Reached skill level 5 in Earth Magic
 10251 | D:12     | Noticed a two-headed ogre
 10395 | D:11     | Learned a level 3 spell: Mephitic Cloud
 10399 | D:11     | Learned a level 3 spell: Ignite Poison
 10402 | D:11     | Learned a level 2 spell: Poisonous Vapours
 10489 | Lair:1   | Entered Level 1 of the Lair of Beasts
 10581 | Lair:1   | Noticed Grum
 10588 | Lair:1   | Reached **** piety under Vehumet
 10591 | Lair:1   | Killed Grum
 10788 | Lair:1   | Reached skill level 10 in Earth Magic
 11146 | Lair:1   | Noticed an eight-headed hydra
 11151 | Lair:1   | HP: 1/67 [eight-headed hydra (4)]
 11151 | Lair:1   | Mangled by an eight-headed hydra

Illustrated notes

Levels and vault maps discovered:
D:1:      dpeg_arrival_tiny_a, layout_basic
D:2:      layout_basic
D:3:      layout_rooms, ebering_ecumenical_altar_petrified
D:4:      layout_basic, minmay_temple_entry_poolview,
          chequers_hall_statues_corner_a, kennysheep_generic_room_4
D:5:      layout_basic
D:6:      minmay_clustersquares, layout_cave_pools
D:7:      layout_gridville, serial_shops, nicolae_shop_hallway_plus, uniq_pikel
D:8:      layout_rooms, mainiacjoe_overflow_paths, uniq_psyche
D:9:      layout_rooms, amethyst_killhole, minmay_misc_feat_chi,
          kennysheep_generic_room_2, uniq_maggie
D:10:     layout_roguey, erik_lair_island, minivault_11
D:11:     layout_long_grid
D:12:     layout_small_grid, orc_0_dummy
Temple:   mainiacjoe_temple_trianglar_array
Lair:1:   layout_chaotic_city, worms_lemuel, grunt_megastairs_2,
          lemuel_fruit_tree, uniq_grum

Skill      XL: |  1  2  3  4  5  6  7  8  9 10 11 |
---------------+----------------------------------+-----
Spellcasting   | 4 5 7 8 10 | 10.2
Conjurations   | 7 8 10 11 | 11.4
Fighting       | 5 7 |  7.0
Ice Magic      | 4 |  4.8
Hexes          | 5 10 | 10.0
Earth Magic    | 10 | 10.1
Dodging        | |  2.4
Stealth        | |  2.4

Action                   |  1- 3 |  4- 6 |  7- 9 | 10-12 || total
-------------------------+-------+-------+-------+-------++-------
Melee: Unarmed           |     4 |       |       |       ||     4
       Staff             |       |       |       |     5 ||     5
 Cast: Magic Dart        |    58 |    45 |    73 |    14 ||   190
       Searing Ray       |       |    13 |    12 |     6 ||    31
       Stone Arrow       |       |       |    50 |   100 ||   150
       Iskenderun's Myst |       |       |    10 |    37 ||    47
       Fulminant Prism   |       |       |       |     1 ||     1
Evoke: Wand              |       |       |     3 |       ||     3
  Use: Scroll            |     1 |     2 |     3 |    11 ||    17
Armor: Robe              |     3 |     5 |     7 |     5 ||    20
       Steam dragon scal |       |       |       |    17 ||    17
Dodge: Dodged            |     6 |     8 |    14 |    41 ||    69

Table legend: (Time is in decaauts)
 A = Elapsed time spent in this place.
 B = Non-inter-level travel time spent in this place.
 C = Inter-level travel time spent in this place.
 D = Time resting spent in this place.
 E = Time spent auto-exploring this place.
 F = Levels seen in this place.
 G = Mean time per level.
                   A        B        C        D        E       F      G
               +--------+--------+--------+--------+--------+-----+--------+
         Total |  11153 |  10682 |    471 |   1642 |   7604 |  14 |  796.6 |
       Dungeon |  10387 |   9944 |    443 |   1547 |   7025 |  12 |  865.6 |
        Temple |    102 |     75 |     27 |      0 |     70 |   1 |  102.0 |
          Lair |    663 |    663 |      0 |     95 |    509 |   1 |  663.0 |
               +--------+--------+--------+--------+--------+-----+--------+

Top non-repeatable levels by time:
    D:11: 1452 daAuts
     D:2: 1316 daAuts
     D:4: 1167 daAuts
     D:6: 1155 daAuts
     D:7: 976 daAuts
     D:9: 887 daAuts
     D:1: 780 daAuts
    D:10: 703 daAuts
     D:8: 685 daAuts
     D:5: 674 daAuts
  Lair:1: 663 daAuts
     D:3: 574 daAuts
  Temple: 102 daAuts
    D:12: 12 daAuts
